 Dungeon Crawl Stone Soup version 0.29-a0-582-ge82337ba6a (webtiles) character file.

Game seed: 4208173742493441896

79 xian the Gusty (level 4, -1/24 HPs)
             Began as a Tengu Air Elementalist on June 14, 2022.
             Slain by a scorpion (3 damage)
             ... on level 4 of the Dungeon.
             The game lasted 00:06:34 (2869 turns).

xian the Gusty (Tengu Air Elementalist)             Turns: 2869, Time: 00:06:36

Health: -1/24      AC:  2    Str:  8    XL:     4   Next: 38%
Magic:  4/9        EV: 12    Int: 17    God:
Gold:   229        SH:  0    Dex: 15    Spells: 7/8 levels left

rFire   + . .      SeeInvis .   e - +0 dagger
rCold   x . .      Faith    .   (no shield)
rNeg    . . .      Spirit   .   a - +0 robe
rPois   .          Reflect  .   (helmet restricted)
rElec   .          Harm     .   (no cloak)
rCorr   .          Rampage  .   (no gloves)
Will    .....                   (boots unavailable)
Stlth   ++........              (no amulet)
HPRegen 0.08/turn               j - ring of fire
MPRegen 0.11/turn               (no ring)

@: lethally poisoned (-1 -> -19)
A: beak, talons 3
a: no special abilities


You were on level 4 of the Dungeon.
You visited 1 branch of the dungeon, and saw 4 of its levels.

You collected 229 gold pieces.

Inventory:

Hand Weapons
 e - a +0 dagger (weapon)
Armour
 a - a +0 robe (worn)
Jewellery
 j - a ring of fire (left hand)
Scrolls
 c - 2 scrolls of teleportation
 g - a scroll of brand weapon {unknown}
 n - a scroll of poison {unknown}
Potions
 b - a potion of magic
 d - a potion of brilliance {unknown}
 f - a potion of curing
 h - a potion of heal wounds {unknown}
 i - a potion of attraction {unknown}
 k - a potion of cancellation {unknown}
 l - a potion of mutation {unknown}
 m - a potion of ambrosia {unknown}


   Skills:
 + Level 0.4 Fighting
 + Level 1.1 Short Blades
 + Level 2.5 Dodging
 + Level 2.2 Stealth
 + Level 2.8 Spellcasting
 + Level 2.1 Conjurations
 + Level 4.9 Air Magic


You had 7 spell levels left.
You knew the following spells:

 Your Spells              Type           Power      Damage    Failure   Level
a - Shock                 Conj/Air       56%        1d6       4%          1

Your spell library contained the following spells:

 Spells                   Type           Power      Damage    Failure   Level
 Static Discharge         Conj/Air       14%        N/A       6%          2
 Swiftness                Air            19%        N/A       7%          3
 Airstrike                Air            9%         N/A       24%         4


Dungeon Overview and Level Annotations

Branches:
Dungeon (4/15)
 Temple: D:4-7

Altars:

Shops:
D:3 (

Annotations:
D:3 3 runed translucent doors, Heh's ghost, amateur MfMo


Innate Abilities, Weirdness & Mutations

You have a beak for a mouth.
You have claws for feet.


Message History

The zap hits the scorpion.
The scorpion is moderately wounded.
The zap misses the orc.
The zap hits the scorpion.
The scorpion is moderately wounded.
The zap hits the orc.
You kill the orc!
n - a scroll labelled TIEKKE KIFAKK An adder comes into view.
There is a stone staircase leading up here.
The zap hits the scorpion.
The scorpion is heavily wounded.
The zap misses the adder.
The adder hisses angrily.
The scorpion stings you.
You hit the scorpion but do no damage. Your kick misses the scorpion.
The scorpion is heavily wounded.
The scorpion stings you.
You barely miss the scorpion.
The scorpion is heavily wounded.
The scorpion closely misses you.
You hit the scorpion but do no damage.
The scorpion is heavily wounded.
The scorpion stings you.
You barely miss the scorpion.
You claw the scorpion, but do no damage.
Your peck misses the scorpion.
The scorpion is heavily wounded.
The scorpion stings you.
You are lethally poisoned!
The scorpion poisons you! The adder bites you.
You are more poisoned.
The adder poisons you!
You barely miss the scorpion.
The scorpion is heavily wounded.
* * * LOW HITPOINT WARNING * * *
You feel very sick. The scorpion closely misses you. The adder bites you.
* * * LOW HITPOINT WARNING * * *
The scorpion stings you.
You die...

#...#
#...##
.....#
#)...#
#....#
#....#
#...#
#sS.#
#@..#
#...+
+...#
#...#
#...#
..=..
.....#
.....#


You could see a scorpion and an adder.

Vanquished Creatures
  2 adders (D:2)
  A worm (D:3)
  2 dart slugs
  4 orcs
  4 endoplasms
  4 giant cockroaches
  3 goblins
  3 hobgoblins
  6 jackals
  6 kobolds
  A quokka (D:2)
  2 ball pythons (D:1)
  3 bats
  6 rats
47 creatures vanquished.

Notes
Turn   | Place    | Note
-------+----------+-------------------------------------------
     0 | D:1      | xian the Tengu Air Elementalist began the quest for the
                  | Orb.
     0 | D:1      | Reached XP level 1. HP: 10/10 MP: 4/4
   223 | D:1      | Found a faded altar of an unknown god.
   535 | D:1      | Reached XP level 2. HP: 15/15 MP: 1/6
  1087 | D:2      | Reached XP level 3. HP: 19/19 MP: 4/7
  1159 | D:2      | Reached skill level 1 in Short Blades
  1954 | D:3      | Reached XP level 4. HP: 19/24 MP: 1/8
  2048 | D:3      | Identified a scroll of acquirement
  2048 | D:3      | Acquired the +5 battleaxe of Fortitude {spect, *Noise rC+
                  | rN++ Str+4}
  2181 | D:3      | Found Wicka's Antique Weapon Boutique.
  2253 | D:3      | Found a runed translucent gate.
  2254 | D:3      | Found a runed translucent gate.
  2256 | D:3      | Found a runed translucent gate.
  2258 | D:3      | Noticed Heh's ghost (amateur MfMo)
  2857 | D:4      | Noticed a scorpion
  2869 | D:4      | Slain by a scorpion

Illustrated notes

Levels and vault maps discovered:
D:1:      shiori_arrival_oz, layout_rooms, basic_ecumenical_altar
D:2:      layout_rooms
D:3:      layout_loops_ring, serial_shops, nicolae_shop_crystal,
          ebering_ghost_rock_garden
D:4:      layout_gridville, serial_shops, shop_fountains, minmay_checkerbox

Skill      XL: |  1  2  3  4 |
---------------+-------------+-----
Short Blades   | 1 |  1.1
Conjurations   | 2 |  2.1
Fighting       | |  0.4
Dodging        | |  2.5
Stealth        | |  2.2
Spellcasting   | |  2.8
Air Magic      | |  4.9

Action                   |  1- 3 |  4- 6 || total
-------------------------+-------+-------++-------
Melee: Unarmed           |     2 |       ||     2
       Dagger            |    31 |    11 ||    42
       Kick              |     8 |     4 ||    12
       Peck              |     6 |       ||     6
       Punch             |     1 |       ||     1
 Cast: Shock             |    68 |    35 ||   103
  Use: Potion            |     1 |       ||     1
       Scroll            |       |     3 ||     3
 Stab: Sleeping          |       |     1 ||     1
Armor: Robe              |     7 |       ||     7
Dodge: Dodged            |    37 |     9 ||    46

Table legend: (Time is in decaauts)
 A = Elapsed time spent in this place.
 B = Non-inter-level travel time spent in this place.
 C = Inter-level travel time spent in this place.
 D = Time resting spent in this place.
 E = Time spent auto-exploring this place.
 F = Levels seen in this place.
 G = Mean time per level.
                   A        B        C        D        E       F      G
               +--------+--------+--------+--------+--------+-----+--------+
         Total |   2866 |   2785 |     81 |      0 |   2442 |   4 |  716.5 |
       Dungeon |   2866 |   2785 |     81 |      0 |   2442 |   4 |  716.5 |
               +--------+--------+--------+--------+--------+-----+--------+

Top non-repeatable levels by time:
     D:2: 975 daAuts
     D:1: 969 daAuts
     D:3: 905 daAuts
     D:4: 15 daAuts
